 Dungeon Crawl Stone Soup version 0.29-a0-834-g1e95ca9f62 (webtiles) character file.

Game seed: 8700766648823824353

28 purpskrrrp the Sneak (level 3, 0/16 HPs)
             Began as a Vine Stalker Enchanter on July 13, 2022.
             Succumbed to an adder's poison
             ... on level 3 of the Dungeon.
             The game lasted 00:03:17 (1863 turns).

purpskrrrp the Sneak (Vine Stalker Enchanter)       Turns: 1863, Time: 00:03:17

Health: 0/16       AC:  2    Str: 10    XL:     3   Next: 14%
Magic:  4/7        EV: 12    Int: 15    God:
Gold:   147        SH:  0    Dex: 16    Spells: 6/6 levels left

rFire   . . .      SeeInvis .   j - +1 dagger (venom)
rCold   . . .      Faith    .   (no shield)
rNeg    . . .      Spirit   +   b - +0 robe
rPois   .          Reflect  .   (no helmet)
rElec   .          Harm     .   (no cloak)
rCorr   .          Rampage  .   (no gloves)
Will    .....                   (no boots)
Stlth   +++.......              (no amulet)
HPRegen 0.05/turn               (no ring)
MPRegen 0.10/turn               (no ring)

@: lethally poisoned (0 -> -7)
A: fangs 2, magic shield, antimagic bite, no potion heal 2
a: no special abilities


You were on level 3 of the Dungeon.
You visited 1 branch of the dungeon, and saw 3 of its levels.

You collected 147 gold pieces.

Inventory:

Hand Weapons
 a - a +1 dagger
 j - a +1 dagger of venom (weapon)
Missiles
 e - 5 poisoned darts (quivered)
Armour
 b - a +0 robe (worn)
Magical Staves
 h - a staff of poison
Jewellery
 n - a ring of fire
Scrolls
 k - a scroll of blinking
Potions
 c - a potion of invisibility
 d - a potion of curing
 g - 2 potions of resistance
 i - a potion of ambrosia {unknown}
 m - a potion of heal wounds {unknown}
 o - a potion of degeneration {unknown}


   Skills:
 + Level 0.1 Fighting
 + Level 1.2 Short Blades
 + Level 2.0 Dodging
 + Level 4.1 Stealth
 + Level 2.3 Spellcasting
 + Level 3.3 Hexes


You had 6 spell levels left.
You didn't know any spells.
Your spell library contained the following spells:

 Spells                   Type           Power      Damage    Failure   Level
 Ensorcelled Hibernation  Hex/Ice        12%        N/A       17%         2
 Confusing Touch          Hex            11%        N/A       17%         3
 Tukima's Dance           Hex            11%        N/A       17%         3
 Shock                    Conj/Air       4%         1d3       22%         1
 Poisonous Vapours        Pois/Air       2%         N/A       32%         2
 Dazzling Flash           Conj/Hex       12%        N/A       32%         3
 Conjure Flame            Conj/Fire      1%         6-21      54%         3
 Ignite Poison            Fire/Tmut/Pois 1%         N/A       54%         3
 Mephitic Cloud           Conj/Pois/Air  1%         N/A       54%         3
 Sticky Flame             Conj/Fire      1%         2d3       91%         4
 Silence                  Hex/Air        3%         N/A       97%         5
 Blade Hands              Tmut           0%         N/A       99%         5
 Irradiate                Conj/Tmut      0%         3d11      99%         5
 Dragon Form              Tmut           0%         N/A       100%        7


Dungeon Overview and Level Annotations

Branches:
Dungeon (3/15)

Altars:


Innate Abilities, Weirdness & Mutations

You have extremely sharp teeth.
When hurt, damage is shared between your health and your magic reserves.
Your bite disrupts and absorbs the magic of your enemies.
Potions cannot restore your health.


Message History

The bat is heavily wounded.
The bat hits you.
You hit the bat.
You kill the bat!
The adder bites you.
You hit the adder but do no damage. You bite the adder. You drain its power.
You feel invigorated.
The adder is moderately wounded.
The adder completely misses you.
You hit the adder. You bite the adder. You drain its power.
You feel invigorated.
The adder is heavily wounded.
The adder bites you.
You are poisoned.
The adder poisons you! The adder bites you.
You are too injured to fight recklessly!
You are too injured to fight recklessly!
You are too injured to fight recklessly!
You are too injured to fight recklessly!
You closely miss the adder. Your bite misses the adder.
The adder is heavily wounded.
You feel sick. The adder closely misses you.
You barely miss the adder.
The adder is heavily wounded.
You feel sick. The adder bites you.
* * * LOW HITPOINT WARNING * * *
You hit the adder but do no damage.
The adder is heavily wounded.
* * * LOW HITPOINT WARNING * * *
You feel sick. The adder bites you.
You are more poisoned.
The adder poisons you!
You closely miss the adder.
The adder is heavily wounded.
* * * LOW HITPOINT WARNING * * *
You feel sick. The adder closely misses you.
The adder bites you but does no damage.
You barely miss the adder.
The adder is heavily wounded.
You die...

##+
##..############
...............#
#.............###
#......$.........
+.....$.......#
#[...S@.......#
#.............#
#.............#
####+######.###
#......# #.####.#
#.# #.# #.# #.#
#.# #.#


You could see an adder.

Vanquished Creatures
  2 ball pythons (D:1)
  A bat (D:3)
  2 endoplasms (D:1)
  A giant cockroach (D:1)
  3 hobgoblins
  2 jackals (D:1)
  A kobold (D:1)
  2 quokkas (D:1)
  4 frilled lizards
  3 goblins
  4 rats
25 creatures vanquished.

Notes
Turn   | Place    | Note
-------+----------+-------------------------------------------
     0 | D:1      | purpskrrrp the Vine Stalker Enchanter began the quest for
                  | the Orb.
     0 | D:1      | Reached XP level 1. HP: 9/9 MP: 4/4
   273 | D:1      | Got the Papyrus of the Zephyr
   302 | D:1      | Reached XP level 2. HP: 11/13 MP: 4/6
   525 | D:1      | Reached skill level 1 in Short Blades
   542 | D:1      | Reached skill level 4 in Stealth
  1050 | D:2      | Reached XP level 3. HP: 7/16 MP: 2/7
  1863 | D:3      | Succumbed to an adder's poison

Illustrated notes

Levels and vault maps discovered:
D:1:      heliophobic_arrival_glass_houses, layout_basic
D:2:      layout_basic, chequers_serial_rivers_room_a
D:3:      layout_basic, lemuel_coloured_pillars_altar,
          hellmonk_ecumenical_altar_arch_garden, nrook_mini_backslash,
          uniq_crazy_yiuf_cottage, uniq_grinder, uniq_pargi, uniq_robin

Skill      XL: |  1  2 |
---------------+-------+-----
Dodging        | 2 |  2.0
Short Blades   | 1 |  1.2
Stealth        | 4 |  4.1
Fighting       | |  0.1
Spellcasting   | |  2.3
Hexes          | |  3.3

Action                   || total
-------------------------++-------
Melee: Dagger            ||    67
       Bite              ||    14
  Use: Scroll            ||     7
       Potion            ||     1
 Stab: Sleeping          ||     5
       Invisible         ||     3
Armor: Robe              ||     7
Dodge: Dodged            ||    49

Table legend: (Time is in decaauts)
 A = Elapsed time spent in this place.
 B = Non-inter-level travel time spent in this place.
 C = Inter-level travel time spent in this place.
 D = Time resting spent in this place.
 E = Time spent auto-exploring this place.
 F = Levels seen in this place.
 G = Mean time per level.
                   A        B        C        D        E       F      G
               +--------+--------+--------+--------+--------+-----+--------+
         Total |   1858 |   1674 |    184 |      0 |   1470 |   3 |  619.3 |
       Dungeon |   1858 |   1674 |    184 |      0 |   1470 |   3 |  619.3 |
               +--------+--------+--------+--------+--------+-----+--------+

Top non-repeatable levels by time:
     D:2: 923 daAuts
     D:1: 901 daAuts
     D:3: 33 daAuts
